 Dungeon Crawl Stone Soup version 0.27.1-33-g824d729ab1 (webtiles) character file.

Game seed: 14775089671115067427

5594 demibob the Cleaver (level 10, 0/69 HPs)
             Began as a Minotaur Chaos Knight on Dec 8, 2021.
             Was a Plaything of Xom.
             Slain by a deep elf pyromancer (3 damage)
             ... on level 8 of the Dungeon.
             The game lasted 00:08:37 (7623 turns).

demibob the Cleaver (Minotaur Chaos Knight)         Turns: 7623, Time: 00:08:38

Health: 0/69       AC: 14    Str: 21    XL:     10   Next: 45%
Magic:  0/9        EV: 11    Int:  9    God:    Xom [..*...]
Gold:   407        SH:  0    Dex: 11    Spells: 9/9 levels left

rFire    . . .     SeeInvis .   a - +1 broad axe (flame)
rCold    . . .     Faith    .   (no shield)
rNeg     . . .     Spirit   +   m - +3 ring mail
rPois    +         Reflect  .   (helmet restricted)
rElec    +         Harm     .   (no cloak)
rCorr    .         Rampage  .   (no gloves)
Will     .....                  (no boots)
Stlth    ..........             c - amulet of guardian spirit
HPRegen  0.21/turn              T - +4 ring of protection
MPRegen  0.11/turn              P - ring of poison resistance

@: on fire, glowing
A: horns 2, retaliatory headbutt, frail 1, electricity resistance, strong 1
a: Renounce Religion


You were on level 8 of the Dungeon.
You worshipped Xom.
You were a toy of Xom.
You visited 1 branch of the dungeon, and saw 8 of its levels.

You collected 545 gold pieces.
You spent 138 gold pieces at shops.


Innate Abilities, Weirdness & Mutations

You have a pair of horns on your head.
You reflexively headbutt those who attack you in melee.
You are frail. (-10% HP)
You are resistant to electric shocks. (rElec)
Your muscles are strong. (Str +2)


   Skills:
 - Level 3.6 Fighting
 + Level 14.7 Axes
 + Level 11.2 Armour
 - Level 1.1 Dodging


You had 9 spell levels left.
You didn't know any spells.
Your spell library contained the following spells:

 Spells                   Type           Power      Damage    Failure   Level
 Ozocubu's Armour         Ice            0%         N/A       87%         3
 Metabolic Englaciation   Hex/Ice        0%         N/A       100%        5
 Simulacrum               Ice/Necr       0%         N/A       100%        6

Inventory:

Hand Weapons
 a - a +1 broad axe of flaming (weapon)
 h - a +0 hand axe of chaos
 k - a +0 battleaxe
Missiles
 e - 47 poisoned darts (quivered)
 s - a curare-tipped dart {=f}
Armour
 m - a +3 ring mail (worn)
Jewellery
 c - an amulet of guardian spirit (around neck)
 i - a +6 ring of intelligence
 C - a ring of protection from cold
 I - a +6 ring of intelligence
 P - a ring of poison resistance (right hand)
 T - a +4 ring of protection (left hand)
Wands
 r - a wand of flame (27)
Scrolls
 b - 2 scrolls of enchant weapon
 l - a scroll of blinking
 q - a scroll of identify {@r1}
Potions
 d - 2 potions of resistance
 f - a potion of curing {@q1}
 g - a potion of might
 j - 3 potions of ambrosia
 n - a potion of magic
 o - a potion of lignification

Dungeon Overview and Level Annotations

Branches:
Dungeon (8/15)             Temple (0/1) D:7
   Lair: D:8-11

Altars:
Trog
Xom

Shops:
D:5

(
#........#.......##..........
#................####.....###
##..†.............# #........
#................. #........
#...........................
#.......▒▒▒▒▒.▒▒▒▒▒▒▒▒▒.▒▒▒▒
###.....▒)E*▒.▒▒ ,▒▒.▒...▒.▒
####.....▒○e▒...▒,,▒...▒.▒...
#........▒▒▒@E▒,,**▒▒.▒.▒.▒.▒
#........▒▒.E▒▒ ,.▒▒.▒.....▒.
#...........▒▒ **,....▒.▒.▒..
#........▒▒..▒ * , ▒.▒.....▒.
#........▒▒▒..▒ **▒▒.▒.▒.▒.▒
#........▒ ▒...*,,▒...▒.▒...
#........▒,,*▒.▒▒, ▒.▒...▒.▒
#........▒ .▒** ▒▒▒▒▒.▒▒▒▒
#######..▒ *,*.*, ▒...▒)▒...


You could see a deep elf pyromancer and 3 fire elementals.


Message History

The fire elemental hits you. The fire elemental burns you!
You hit the deep elf pyromancer. You burn the deep elf pyromancer.
The deep elf pyromancer is almost dead.
You slash the fire elemental! You hit the fire elemental.
The fire elemental disappears in a puff of smoke!
The fire elemental hits you. The fire elemental burns you!
The fire elemental hits you. The fire elemental burns you!
* * * LOW HITPOINT WARNING * * *
The deep elf pyromancer gestures at you while chanting.
The bolt of fire hits you!!
* * * LOW HITPOINT WARNING * * *
You feel much better. The fire elemental closely misses you.
The fire elemental barely misses you. You furiously retaliate!
You headbutt the fire elemental.
The deep elf pyromancer points at you and mumbles some strange words.
The sticky flame hits you.
You are covered in liquid flames!
* * * LOW HITPOINT WARNING * * *
You hit the deep elf pyromancer but do no damage.
The deep elf pyromancer is almost dead.
You barely miss the fire elemental. You slash the fire elemental!
You are covered in liquid flames!
* * * LOW HITPOINT WARNING * * *
The fire elemental hits you. The fire elemental burns you!
* * * LOW HITPOINT WARNING * * *
The fire elemental hits you. The fire elemental burns you!
* * * LOW HITPOINT WARNING * * *
The deep elf pyromancer hits you with a +0 dagger.
You die...
Xom thinks this is hilarious!

Skill      XL: |  1  2  3  4  5  6  7  8  9 10 |
---------------+-------------------------------+-----
Axes           | 4 5 6 8 9 11 13 14 | 14.7
Armour         | 3 8 10 11 | 11.2
Fighting       | |  3.6
Dodging        | |  1.1

Action                   |  1- 3 |  4- 6 |  7- 9 | 10-12 || total
-------------------------+-------+-------+-------+-------++-------
Melee: Hand axe          |    90 |    76 |       |       ||   166
       Headbutt          |    12 |    16 |    25 |    11 ||    64
       Broad axe         |       |    22 |   169 |    40 ||   231
Throw: Dart              |       |     1 |     1 |       ||     2
  Use: Scroll            |     4 |     5 |     4 |       ||    13
       Potion            |     1 |     1 |     2 |     1 ||     5
 Stab: Sleeping          |       |       |     1 |       ||     1
       Confused          |       |       |     2 |       ||     2
Armor: Leather armour    |    23 |    21 |     2 |       ||    46
       Ring mail         |       |       |    90 |    21 ||   111
Dodge: Dodged            |    53 |    54 |    82 |    24 ||   213

Levels and vault maps discovered:
D:1:      psy_arrival_spokes, layout_basic,
          hellmonk_ecumenical_altar_arch_garden, minmay_split_cup_large
D:2:      layout_basic, uniq_natasha
D:3:      layout_basic, kennysheep_doodads, uniq_sigmund
D:4:      layout_basic
D:5:      layout_basic, doesnt_shop_hydraphobe
D:6:      layout_loops_corners, lemuel_doored_altar
D:7:      layout_basic, minmay_temple_entry_waves, uniq_harold
D:8:      layout_basic, minmay_the_grid_2x2 [minmay_the_grid_minigrid_small_alt,
          minmay_the_grid_odd_star, minmay_the_grid_diamond_grid,
          minmay_the_grid_prize_four_corners_diamond_a]

Notes
Turn   | Place    | Note
-------+----------+-------------------------------------------
     0 | D:1      | demibob the Minotaur Chaos Knight began the quest for the
                  | Orb.
     0 | D:1      | Reached XP level 1. HP: 19/19 MP: 0/0
    24 | D:1      | Reached skill level 4 in Axes
   133 | D:1      | Reached XP level 2. HP: 23/26 MP: 1/1
   348 | D:1      | Found a faded altar of an unknown god.
   404 | D:1      | XOM: silly message
   417 | D:1      | Reached skill level 5 in Axes
   502 | D:1      | XOM: divination: detect items
   545 | D:1      | Reached XP level 3. HP: 31/31 MP: 2/2
   680 | D:1      | XOM: cloud trail
   786 | D:1      | XOM: silly message
  1047 | D:1      | Identified a potion of resistance
  1260 | D:2      | XOM: divination: magic mapping
  1335 | D:2      | XOM: 2-stop teleportation journey
  1505 | D:2      | You fall into a shaft and drop 2 floors!
  1835 | D:2      | Noticed Natasha
  1843 | D:2      | Killed Natasha
  1844 | D:2      | Reached skill level 6 in Axes
  1844 | D:2      | Reached XP level 4. HP: 39/39 MP: 3/3
  1899 | D:2      | Noticed Natasha
  1911 | D:2      | Killed Natasha
  1926 | D:2      | XOM: silly message
  2496 | D:3      | Noticed Sigmund
  2510 | D:3      | Killed Sigmund
  2511 | D:3      | Reached skill level 8 in Axes
  2511 | D:3      | Reached XP level 5. HP: 22/45 MP: 4/4
  2511 | D:3      | Reached XP level 6. HP: 25/51 MP: 5/5
  2731 | D:3      | XOM: stat loss: -1 Dex (8/9)
  2938 | D:4      | XOM: 2-stop teleportation journey
  3369 | D:4      | XOM: scenery: create altars
  3385 | D:5      | Entered Level 5 of the Dungeon
  3555 | D:5      | Found Lakk's Hydra Hut.
  3555 | D:5      | Noticed an eight-headed hydra
  3555 | D:5      | XOM: 1-stop teleportation journey
  3564 | D:5      | Reached skill level 9 in Axes
  3619 | D:5      | Bought a +0 broad axe of flaming for 138 gold pieces
  3900 | D:5      | Reached XP level 7. HP: 57/57 MP: 6/6
  3903 | D:5      | XOM: enchant monster (good)
  3906 | D:5      | Reached skill level 10 in Axes
  4052 | D:5      | XOM: noise
  4245 | D:5      | XOM: give mutations
  4245 | D:5      | Gained mutation: You are dopey. (Int -2) [Xom's mischief]
  4245 | D:5      | Gained mutation: You are somewhat resistant to further
                  | mutation. [Xom's mischief]
  4245 | D:5      | Gained mutation: You are frail. (-10% HP) [Xom's mischief]
  4347 | D:5      | Reached skill level 11 in Axes
  4347 | D:5      | Reached skill level 3 in Armour
  4610 | D:5      | Reached XP level 8. HP: 46/57 MP: 7/7
  4677 | D:5      | XOM: torment (30/57 hp)
  4944 | D:5      | XOM: scenery: summon butterflies
  5040 | D:6      | XOM: noise
  5063 | D:6      | Reached skill level 4 in Armour
  5087 | D:6      | XOM: 8-stop teleportation journey
  5352 | D:6      | XOM: give mutations
  5352 | D:6      | Lost mutation: You are somewhat resistant to further
                  | mutation. [Xom's grace]
  5352 | D:6      | Gained mutation: You evolve. [Xom's grace]
  5352 | D:6      | Gained mutation: You are resistant to electric shocks.
                  | (rElec) [Xom's grace]
  5408 | D:6      | XOM: swap monsters
  5419 | D:6      | Reached skill level 5 in Armour
  5476 | D:6      | XOM: swap monsters
  5482 | D:6      | Reached skill level 12 in Axes
  5482 | D:6      | Reached skill level 6 in Armour
  5790 | D:6      | Found a bloodstained altar of Trog.
  5916 | D:6      | Gained mutation: Your muscles are strong. (Str +2)
                  | [evolution]
  5994 | D:7      | XOM: swap monsters
  6030 | D:7      | Found a staircase to the Ecumenical Temple.
  6166 | D:7      | Noticed Harold
  6178 | D:7      | Killed Harold
  6179 | D:7      | Reached skill level 13 in Axes
  6179 | D:7      | Reached skill level 8 in Armour
  6179 | D:7      | Reached XP level 9. HP: 40/63 MP: 4/8
  6308 | D:7      | XOM: polymorph bullfrog -> swamp drake
  6478 | D:7      | Lost mutation: You are dopey. (Int -2) [evolution]
  6478 | D:7      | Lost mutation: You evolve. [end of evolution]
  6901 | D:7      | Reached skill level 9 in Armour
  6949 | D:8      | XOM: stealth player
  6976 | D:8      | XOM: 2-stop teleportation journey
  7155 | D:8      | Identified the +0 leather armour of Ymifruaj {MP+9}
  7189 | D:8      | XOM: confusion (+ monsters)
  7273 | D:8      | Noticed a four-headed hydra
  7280 | D:8      | Killed a one-headed hydra
  7281 | D:8      | Reached skill level 14 in Axes
  7281 | D:8      | Reached skill level 10 in Armour
  7281 | D:8      | Reached XP level 10. HP: 51/69 MP: 6/9
  7387 | D:8      | Noticed a two-headed ogre
  7387 | D:8      | XOM: enchant monster (good)
  7400 | D:8      | Killed a two-headed ogre
  7472 | D:8      | Reached skill level 11 in Armour
  7484 | D:8      | XOM: divination: magic mapping
  7501 | D:8      | XOM: cast spell 'Metabolic Englaciation'
  7548 | D:8      | XOM: cloud trail
  7586 | D:8      | XOM: 7-stop teleportation journey
  7610 | D:8      | Noticed a deep elf pyromancer
  7623 | D:8      | HP: 3/69 [fire elemental[a deep elf pyromancer] (8)]
  7623 | D:8      | Slain by a deep elf pyromancer

Vanquished Creatures
  Harold (D:7)
  A hydra (D:8)
  A two-headed ogre (D:8)
  A hornet (D:8)
  Sigmund (D:3)
  A wyvern (D:8)
  A steam dragon (D:6)
  2 water moccasins (D:7)
  A swamp drake (D:7)
  An ice beast (D:6)
  2 sky beasts
  A black bear (D:5)
  A necrophage (D:8)
  An ogre (D:6)
  5 centaurs
  A phantom (D:5)
  4 bullfrogs
  3 kobold brigands (D:8)
  A water moccasin zombie (D:5)
  3 jellies
  5 wights (D:5)
  5 howler monkeys
  A bullfrog zombie (D:6)
  3 centaur zombies (D:6)
  4 orc priests
  3 bullfrog skeletons
  3 iguanas
  Natasha (twice) (D:2)
  2 orc wizards
  4 adders
  3 white imps
  An ufetubus (D:5)
  An adder skeleton (D:4)
  A worm (D:3)
  2 dart slugs
  12 orcs
  7 ball pythons
  A bat (D:1)
  9 endoplasms
  5 giant cockroaches
  14 goblins
  6 hobgoblins
  A jackal (D:1)
  4 quokkas
  3 frilled lizards
  12 kobolds
  4 rats
151 creatures vanquished.

Vanquished Creatures (others)
  A plant (D:5)
1 creature vanquished.

Grand Total: 152 creatures vanquished

Table legend: (Time is in decaauts)
 A = Elapsed time spent in this place.
 B = Non-inter-level travel time spent in this place.
 C = Inter-level travel time spent in this place.
 D = Time resting spent in this place.
 E = Time spent auto-exploring this place.
 F = Levels seen in this place.
 G = Mean time per level.
                   A        B        C        D        E       F      G
               +--------+--------+--------+--------+--------+-----+--------+
         Total |   7613 |   7394 |    219 |    556 |   5836 |   8 |  951.6 |
       Dungeon |   7613 |   7394 |    219 |    556 |   5836 |   8 |  951.6 |
               +--------+--------+--------+--------+--------+-----+--------+

Top non-repeatable levels by time:
     D:5: 1656 daAuts
     D:1: 1082 daAuts
     D:7: 976 daAuts
     D:6: 929 daAuts
     D:2: 873 daAuts
     D:3: 763 daAuts
     D:8: 667 daAuts
     D:4: 664 daAuts

Table legend:
 A = Non-vault XP
 B = Vault XP
 C = Vault XP percentage of total XP
 D = Non-vault monster count
 E = Vault monster count
 F = Vault count percentage of total count
                 A         B        C        D         E       F
            +---------+---------+-------+---------+---------+-------
      Total |    4847 |    3145 |  39.4 |     134 |      17 |  11.3
            +---------+---------+-------+---------+---------+-------
        D:1 |      48 |       7 |  12.7 |      27 |       4 |  12.9
        D:2 |      62 |      35 |  36.1 |      11 |       1 |   8.3
        D:3 |      24 |     238 |  90.8 |       5 |       1 |  16.7
        D:4 |     121 |       0 |   0.0 |      20 |       0 |   0.0
        D:5 |     893 |       0 |   0.0 |      19 |       0 |   0.0
        D:6 |     901 |       0 |   0.0 |      13 |       0 |   0.0
        D:7 |    1008 |     997 |  49.7 |      21 |       1 |   4.5
        D:8 |    1790 |    1868 |  51.1 |      18 |      10 |  35.7
            +---------+---------+-------+---------+---------+-------
